 Dungeon Crawl Stone Soup version 0.25-a0-743-g84dc20635f (webtiles) character file.

Game seed: 15909609740297085589, levelgen mode: deterministic

2219 Fukker the Slicer (level 9, -2/55 (57) HPs)
             Began as a Halfling Fighter on Apr 13, 2020.
             Was a Believer of Okawaru.
             Slain by a phantom (7 damage)
             ... on level 7 of the Dungeon.
             The game lasted 00:13:22 (5831 turns).

Fukker the Slicer (Halfling Fighter)                Turns: 5831, Time: 00:13:23

HP:   -2/55 (57)    AC: 10    Str: 23    XL:     9   Next: 61%
MP:   12/12         EV: 11    Int: 11    God:    Okawaru [**....]
Gold: 381           SH: 11    Dex: 15    Spells: 8/8 levels left

rFire    + . .     SeeInvis .   s - +0 short sword (venom)
rCold    + . .     Gourm    .   c - +0 kite shield
rNeg     . . .     Faith    .   B - +1 scale mail of Summertime {rF+ Str+4} (curse)
rPois    .         Spirit   .   t - +0 hat
rElec    .         Reflect  .   (no cloak)
rCorr    .         Harm     .   (no gloves)
MR       .....                  g - +1 pair of boots
Stlth    ..........             E - amulet of the acrobat
HPRegen  0.18/turn              j - ring of protection from cold
MPRegen  0.13/turn              C - +5 ring of intelligence

@: no status effects
A: small, mutation resistance 1
a: Heroism, Renounce Religion


You were on level 7 of the Dungeon.
You worshipped Okawaru.
Okawaru was pleased with you.
You were not hungry.

You visited 1 branch of the dungeon, and saw 7 of its levels.

You collected 381 gold pieces.

Inventory:

Hand Weapons
 a - a +0 rapier
 s - a +0 short sword of venom (weapon)
Missiles
 i - 27 bolts
 k - 148 stones
 l - 43 arrows
 o - 49 sling bullets
 w - 8 poisoned darts (quivered)
Armour
 b - a +0 scale mail
 c - a +0 kite shield (worn)
 g - a +1 pair of boots (worn)
 t - a +0 hat (worn)
 B - the cursed +1 scale mail of Summertime (worn) {rF+ Str+4}
   (You found it on level 4 of the Dungeon)

   It affects your strength (+4).
   It protects you from fire.
   It has a curse placed upon it.
Jewellery
 j - a ring of protection from cold (left hand)
 u - an uncursed ring of ice
 C - a +5 ring of intelligence (right hand)
 E - an amulet of the acrobat (around neck)
Wands
 d - a wand of disintegration (16)
 F - a wand of polymorph (1)
 I - a wand of acid (8)
Scrolls
 m - 3 scrolls of blinking
 n - a scroll of magic mapping
 p - 2 scrolls of remove curse
 q - a scroll of fear
 r - 6 scrolls of teleportation {unknown}
 y - 2 scrolls of immolation {unknown}
 G - 3 scrolls of brand weapon {unknown}
 H - a scroll of noise {unknown}
Potions
 e - 4 potions of heal wounds
 h - 5 potions of curing {unknown}
 v - 2 potions of degeneration {unknown}
 x - 2 potions of stabbing {unknown}
 z - 2 potions of flight
 A - a potion of mutation {unknown}
 D - a potion of cancellation {unknown}
Comestibles
 f - 9 rations


   Skills:
 + Level 3.2 Fighting
 * Level 10.2 Short Blades
 - Level 1.0 Throwing
 + Level 5.6 Armour
 + Level 2.4 Dodging
 - Level 0.8 Stealth
 + Level 6.2 Shields
 - Level 0.2 Unarmed Combat
 + Level 5.0 Invocations


You had 8 spell levels left.
You didn't know any spells.
Your spell library was empty.

Dungeon Overview and Level Annotations

Branches:
Dungeon (7/15)             Temple (0/1) D:4

Altars:
Dithmenos
Fedhas
Okawaru
Sif Muna
Vehumet
Wu Jian
Xom

Annotations:
D:3 2 transporters, pljop's ghost, amateur TeAE


Innate Abilities, Weirdness & Mutations

You are small and have problems with some larger weapons.
You are somewhat resistant to further mutation.


Message History

You block the phantom's attack.
You barely miss the phantom.
The phantom is almost destroyed.
You hit the phantom but do no damage.
The phantom is almost destroyed.
You block the phantom's attack.
You barely miss the phantom.
The phantom is almost destroyed.
The phantom closely misses you.
You closely miss the phantom.
The phantom is almost destroyed.
You hit the phantom but do no damage.
The phantom is almost destroyed.
You feel sick.
You are no longer poisoned.
You block the phantom's attack.
You hit the phantom but do no damage.
The phantom is almost destroyed.
The phantom hits you!
You die...

.##.....####.... ..
............# #.##
##.# ..........#
#..## #..#
.........:##
##..###..#
...W.####..#
##(.)....## ...
##)###..####..(####
. #..##)##
###.##.### ##.#..#
#....... #.@W##
#.#..... ##.##
#.###.... ### ..#
#.... ##. #.#.. #
##### #


You could see a phantom.

Vanquished Creatures
  Menkaure (D:6)
  Edmund (D:5)
  3 necrophages (D:6)
  A phantom (D:4)
  A black bear (D:6)
  An ogre (D:6)
  A centaur (D:6)
  A bullfrog (D:5)
  A gnoll sergeant (D:7)
  2 scorpions (D:4)
  A water moccasin skeleton (D:5)
  2 howler monkeys
  2 crimson imps (D:5)
  A bullfrog zombie (D:5)
  5 hounds
  2 orc wizards (D:4)
  An orc priest (D:4)
  A bullfrog skeleton (D:5)
  A jelly (D:6)
  A centaur skeleton (D:6)
  An iguana (D:6)
  Ijyb (D:3)
  5 worker ants
  A killer bee zombie (D:6)
  A hound zombie (D:3)
  2 hound skeletons (D:4)
  A howler monkey zombie (D:6)
  A worker ant zombie (D:6)
  8 adders
  16 gnolls
  A shadow imp (D:6)
  2 oozes
  2 adder zombies (D:5)
  A worm (D:3)
  2 dart slugs (D:3)
  5 leopard geckos
  16 orcs
  5 giant cockroaches
  12 goblins
  10 hobgoblins
  6 kobolds
  A quokka (D:3)
  2 ball pythons
  5 bats
  4 frilled lizards
  A jackal zombie (D:6)
  9 rats
  A bush (D:6)
152 creatures vanquished.

Vanquished Creatures (others)
  A bush (D:6)
  5 plants (D:6)
6 creatures vanquished.

Grand Total: 158 creatures vanquished

Notes
Turn   | Place    | Note
-------+----------+-------------------------------------------
     0 | D:1      | Fukker the Halfling Fighter began the quest for the Orb.
     0 | D:1      | Reached XP level 1. HP: 15/15 MP: 1/1
    26 | D:1      | Reached XP level 2. HP: 12/20 MP: 2/2
    98 | D:1      | Reached skill level 3 in Short Blades
   450 | D:1      | Reached XP level 3. HP: 25/25 MP: 3/3
   768 | D:2      | Found a shadowy altar of Dithmenos.
   804 | D:2      | Found an ornate altar of the Wu Jian Council.
  1010 | D:2      | Reached XP level 4. HP: 30/30 MP: 4/4
  1113 | D:2      | Found a radiant altar of Vehumet.
  1247 | D:2      | Reached skill level 4 in Short Blades
  1570 | D:3      | Reached XP level 5. HP: 18/35 MP: 5/5
  1572 | D:3      | Noticed Ijyb
  1580 | D:3      | Killed Ijyb
  1626 | D:3      | Reached skill level 5 in Short Blades
  2023 | D:3      | Reached XP level 6. HP: 30/41 MP: 6/6
  2214 | D:3      | Noticed pljop's ghost (amateur TeAE)
  2215 | D:3      | Found a transporter.
  2215 | D:3      | Found a transporter.
  2215 | D:3      | Noticed an ogre
  2728 | D:4      | Reached skill level 6 in Short Blades
  2810 | D:4      | Reached XP level 7. HP: 38/45 MP: 7/7
  3081 | D:4      | Found an iron altar of Okawaru.
  3085 | D:4      | Reached skill level 7 in Short Blades
  3085 | D:4      | Reached skill level 1 in Dodging
  3086 | D:4      | Found a shimmering altar of Xom.
  3088 | D:4      | Found a shimmering blue altar of Sif Muna.
  3093 | D:4      | Became a worshipper of Warmaster Okawaru
  3115 | D:4      | Found a staircase to the Ecumenical Temple.
  3346 | D:4      | Got a steaming scale mail
  3357 | D:4      | Identified the cursed +1 scale mail of Summertime {rF+
                  | Str+4} (You found it on level 4 of the Dungeon)
  3435 | D:4      | Reached skill level 5 in Shields
  3476 | D:4      | Reached skill level 1 in Throwing
  3492 | D:4      | Reached skill level 5 in Armour
  3537 | D:4      | Reached XP level 8. HP: 42/51 MP: 8/8
  3705 | D:5      | Entered Level 5 of the Dungeon
  3732 | D:5      | Reached skill level 8 in Short Blades
  3811 | D:5      | Reached * piety under Okawaru
  4060 | D:5      | Noticed Edmund
  4078 | D:5      | Killed Edmund
  4078 | D:5      | Reached skill level 9 in Short Blades
  4659 | D:6      | Noticed Menkaure
  4964 | D:6      | Reached skill level 1 in Invocations
  4964 | D:6      | Reached XP level 9. HP: 45/55 MP: 9/9
  5315 | D:6      | Found a blossoming altar of Fedhas.
  5359 | D:6      | Killed Menkaure
  5359 | D:6      | Reached ** piety under Okawaru
  5359 | D:6      | Reached skill level 5 in Invocations
  5553 | D:6      | Reached skill level 10 in Short Blades
  5831 | D:7      | Slain by a phantom

Levels and vault maps discovered:
D:1:      dpeg_arrival_short_road, layout_rooms
D:2:      cheibrodos_greedy_goblins, layout_basic,
          nicolae_overflow_hidden_temple, lemuel_crystal_altar,
          lemuel_altar_in_water
D:3:      minmay_recursive_quarters, layout_basic, gammafunk_ghost_smash,
          grunt_ministairs_8, st_stairs_10, uniq_ijyb
D:4:      minmay_clustersquares, layout_basic,
          gammafunk_temple_overflow_forgotten, minmay_temple_entry_fiery,
          chequers_serial_rivers_micro_d
D:5:      layout_basic, first_ration, uniq_edmund
D:6:      lemuel_ice_spiral_2, layout_rooms, fedhas_altar_decomposition,
          uniq_menkaure
D:7:      minmay_chambers_of_fours, layout_layer_cave, basic_altar,
          minmay_misc_feat_hallway, the_bakery

Skill      XL: |  1  2  3  4  5  6  7  8  9 |
---------------+----------------------------+-----
Short Blades   | 3 4 5 6 7 9 10 | 10.2
Armour         | 4 5 |  5.6
Shields        | 4 5 6 |  6.2
Dodging        | 1 2 |  2.4
Throwing       | 1 |  1.0
Invocations    | 1 5 |  5.0
Fighting       | 3 |  3.2
Stealth        | |  0.8
Unarmed Combat | |  0.2

Action                   |  1- 3 |  4- 6 |  7- 9 || total
-------------------------+-------+-------+-------++-------
Melee: Rapier            |    61 |       |       ||    61
       Short sword       |     6 |   194 |   441 ||   641
       Unarmed           |       |       |     8 ||     8
Throw: Dart              |       |     3 |     9 ||    12
Invok: Heroism           |       |       |     3 ||     3
  Use: Potion            |       |     1 |       ||     1
       Scroll            |       |     5 |     1 ||     6
  Eat: Chunk             |       |     6 |     7 ||    13
       Ration            |       |       |     1 ||     1
Armor: Scale mail        |    24 |    44 |    73 ||   141
Dodge: Dodged            |    18 |    53 |   121 ||   192
Block: Kite shield       |    36 |    74 |   163 ||   273

Table legend:
 A = Non-vault XP
 B = Vault XP
 C = Vault XP percentage of total XP
 D = Non-vault monster count
 E = Vault monster count
 F = Vault count percentage of total count
                 A         B        C        D         E       F
            +---------+---------+-------+---------+---------+-------
      Total |    2048 |    1123 |  35.4 |     117 |      34 |  22.5
            +---------+---------+-------+---------+---------+-------
        D:1 |      34 |       0 |   0.0 |      14 |       0 |   0.0
        D:2 |      85 |      10 |  10.5 |      15 |       6 |  28.6
        D:3 |     197 |      90 |  31.4 |      32 |      12 |  27.3
        D:4 |     444 |     273 |  38.1 |      23 |       7 |  23.3
        D:5 |     462 |     162 |  26.0 |      14 |       1 |   6.7
        D:6 |     595 |     588 |  49.7 |      10 |       8 |  44.4
        D:7 |     231 |       0 |   0.0 |       9 |       0 |   0.0
            +---------+---------+-------+---------+---------+-------
